[Event "Titled Tuesday Blitz August 22 Late 2023"]
[White "Pham, Le Thao Nguyen"]
[Black "Janaszak, Dawid"]
[WhiteFideId "12401226"]
[BlackFideId "1119206"]
[WhiteElo "2651"]
[BlackElo "2515"]
[Result "1-0"]
[Round "8"]
[TimeControl "180+1"]
[Date "2023.08.22"]
[WhiteClock "0:00:10"]
[BlackClock "0:00:01"]
[Board "54"]

1. d4 Nf6 2. Nf3 e6 3. Bf4 b6 4. e3 Bb7 5. Nbd2 Be7 6. h3 O-O 7. Bd3 c5 8. c3 d6 9. Qe2 Nbd7 10. O-O Re8 11. Nc4 Nf8 12. a4 Be4 13. Rfd1 Bxd3 14. Qxd3 Ng6 15. Bh2 Bf8 16. dxc5 d5 17. Nd6 Bxd6 18. cxd6 e5 19. Qb5 Qxd6 20. c4 Rac8 21. b4 h6 22. cxd5 Rc2 23. Bg3 Rec8 24. a5 Ne4 25. axb6 axb6 26. Qd3 Nxg3 27. fxg3 e4 28. Qxe4 Qxg3 29. Nd4 Rb2 30. Qf3 Qg5 31. Qg4 Qxe3+ 32. Kh1 Re8 33. Nf5 Qe2 34. d6 Qxg4 35. hxg4 Nf4 36. d7 Rd8 37. Ne7+ Kf8 38. Nc6 Ne6 39. Nxd8 Nxd8 40. Re1 1-0


[Site "https://www.chess.com"]

[Event "Titled Tuesday Blitz August 22 Late 2023"]
[White "Mickiewicz, Piotr"]
[Black "Filipascu"]
[WhiteFideId "1114891"]
[WhiteElo "2512"]
[BlackElo "2643"]
[Result "0-1"]
[Round "8"]
[TimeControl "180+1"]
[Date "2023.08.22"]
[WhiteClock "0:00:05"]
[BlackClock "0:01:25"]
[Board "55"]

1. c4 Nf6 2. g3 e5 3. Bg2 Nc6 4. Nc3 Bb4 5. Nf3 Bxc3 6. bxc3 O-O 7. d3 Re8 8. e4 d6 9. O-O a6 10. a4 Bd7 11. a5 h6 12. Ne1 b5 13. axb6 cxb6 14. Nc2 a5 15. Ne3 Ne7 16. Ba3 Qc7 17. Rb1 a4 18. Qd2 Reb8 19. Rb2 Ng4 20. Rfb1 Nxe3 21. Qxe3 Nc8 22. f4 f6 23. f5 b5 24. cxb5 Qxc3 25. Bb4 Qc7 26. Ba3 Qb6 27. Kf2 Ra5 28. Bf3 Qxe3+ 29. Kxe3 Raxb5 30. Rxb5 Rxb5 31. Rxb5 Bxb5 32. d4 Nb6 33. Bb4 Nc4+ 34. Kd3 a3 35. Bc3 a2 36. Kc2 Ba4+ 37. Kc1 Ne3 38. dxe5 dxe5 39. Kb2 Nd1+ 40. Bxd1 Bxd1 41. Kxa2 Bf3 42. Kb2 Bxe4 43. Kc1 Bxf5 44. Kd2 Kf7 45. Ke3 g5 46. Ba5 Ke6 47. Bd8 h5 48. h4 gxh4 49. gxh4 Bg4 50. Ke4 f5+ 51. Ke3 f4+ 52. Kf2 Kf5 53. Bc7 e4 54. Bb8 e3+ 55. Kg2 Ke4 56. Bc7 f3+ 57. Kg3 f2 0-1


[Site "https://www.chess.com"]

[Event "Titled Tuesday Blitz August 22 Late 2023"]
[White "Swicarz, Maciej"]
[Black "Almiron, Antonio"]
[WhiteFideId "1113585"]
[BlackFideId "3701166"]
[WhiteElo "2510"]
[BlackElo "2640"]
[Result "1-0"]
[Round "8"]
[TimeControl "180+1"]
[Date "2023.08.22"]
[WhiteClock "0:00:14"]
[BlackClock "0:00:04"]
[Board "56"]

1. e4 c5 2. Nc3 Nc6 3. Bb5 Nd4 4. Bc4 e6 5. Nge2 a6 6. Nxd4 cxd4 7. Ne2 b5 8. Bb3 Qb6 9. O-O Bb7 10. d3 Ne7 11. f4 Nc6 12. Qe1 Be7 13. Qg3 O-O 14. f5 Kh8 15. Bf4 Rac8 16. Bd6 Bxd6 17. Qxd6 Qc7 18. Qxc7 Rxc7 19. fxe6 dxe6 20. Bxe6 Nb4 21. Nxd4 Rd8 22. a3 Nxc2 23. Rac1 Rxd4 24. Rxf7 Rxf7 25. Bxf7 Rxd3 26. Rxc2 g6 27. Re2 Rd7 28. Bb3 Re7 29. Bc2 Re5 30. Kf2 Kg7 31. Ke3 Kf6 32. Kd4 Re8 33. e5+ Ke6 34. Bb3+ Ke7 35. Kc5 Bc8 36. Kb6 Rf8 37. Bd5 Bg4 38. Rc2 Rd8 39. Bb7 Ke6 40. Bc8+ Kxe5 41. Bxg4 Rd6+ 42. Ka5 Kf4 43. Bf3 g5 44. a4 bxa4 45. Kxa4 g4 46. Be2 h5 47. Ka5 h4 48. Bxa6 g3 49. hxg3+ Kxg3 50. b4 Rf6 51. Bb7 Rf7 52. Kb6 Rf6+ 53. Ka7 Rf7 54. b5 Rf5 55. b6 Ra5+ 56. Kb8 Rf5 57. Bc6 Rf8+ 1-0


[Site "https://www.chess.com"]

[Event "Titled Tuesday Blitz August 22 Late 2023"]
[White "only_strong_moves"]
[Black "Karttunen, Mika"]
[BlackFideId "502081"]
[WhiteElo "2509"]
[BlackElo "2635"]
[Result "1-0"]
[Round "8"]
[TimeControl "180+1"]
[Date "2023.08.22"]
[WhiteClock "0:00:05"]
[BlackClock "0:00:04"]
[Board "57"]

1. d4 Nf6 2. Nc3 e6 3. Bf4 d5 4. Nb5 Na6 5. e3 c6 6. Nc3 Bd6 7. Nf3 Bxf4 8. exf4 b5 9. Ne5 Qb6 10. a4 b4 11. a5 Qc7 12. Na4 Ne4 13. f3 Nd6 14. Qd2 f6 15. Bxa6 Bxa6 16. Nc5 fxe5 17. Nxa6 Qc8 18. Nc5 Nc4 19. Qe2 exf4 20. O-O-O Ne3 21. Rd3 O-O 22. g3 g5 23. h4 e5 24. hxg5 exd4 25. Rxd4 Re8 26. Rxf4 Qc7 27. Qd3 Re7 28. Rfh4 Qe5 29. Rxh7 Rae8 30. Rh8+ Qxh8 31. Rxh8+ Kxh8 32. Qd4+ Kg8 33. b3 Nf1 34. Qf6 Re1+ 35. Kb2 Nd2 36. Qg6+ Kh8 37. Qf6+ Kg8 38. Qg6+ Kh8 39. Nd7 Rb1+ 40. Ka2 Ree1 41. Qh6+ Kg8 42. Nf6+ Kf7 43. g6+ Ke6 44. Qe3+ Rxe3 45. g7 Kf7 46. g8=Q+ Kxf6 47. Qf8+ Ke5 48. Qf4+ Ke6 49. Qxe3+ Kd7 50. Qxd2 Rf1 51. Qxb4 Rxf3 52. Qg4+ 1-0


[Site "https://www.chess.com"]

[Event "Titled Tuesday Blitz August 22 Late 2023"]
[White "Jakubowski, Krzysztof"]
[Black "Sanhueza, Cristian"]
[WhiteFideId "1112848"]
[BlackFideId "116815"]
[WhiteElo "2630"]
[BlackElo "2492"]
[Result "1-0"]
[Round "8"]
[TimeControl "180+1"]
[Date "2023.08.22"]
[WhiteClock "0:00:32"]
[BlackClock "0:00:01"]
[Board "58"]

1. e4 e5 2. Nc3 Nf6 3. g3 Bc5 4. Bg2 Nc6 5. d3 d6 6. h3 Be6 7. f4 exf4 8. gxf4 Nd4 9. Na4 Nxe4 10. dxe4 Qh4+ 11. Kd2 Qf2+ 12. Kc3 Qxg2 13. b4 Nb5+ 14. Kb2 Bxb4 15. Nf3 O-O-O 16. a3 Ba5 17. f5 Bd7 18. Bf4 g5 19. Rh2 Qxf3 20. Qxf3 gxf4 21. Rg2 Nd4 22. Qd3 f3 23. Rg7 c5 24. Nc3 Be8 25. Nd5 Kb8 26. c3 Nc6 27. Qxf3 Ne5 28. Qg3 Ba4 29. Rg1 Nc4+ 30. Ka2 Ne5 31. Qh4 a6 32. Qf6 Bc6 33. Rb1 Bb5 34. a4 Bc4+ 35. Ka3 Bxd5 36. exd5 Bxc3 37. Ka2 Bd4 38. Rxf7 Nxf7 39. Qxf7 b5 40. axb5 a5 41. b6 Rhf8 42. Qc7+ Ka8 43. Qa7# 1-0


[Site "https://www.chess.com"]

[Event "Titled Tuesday Blitz August 22 Late 2023"]
[White "Itkis, Boris"]
[Black "Papayan, Oleg"]
[WhiteFideId "1209167"]
[BlackFideId "4193911"]
[WhiteElo "2492"]
[BlackElo "2610"]
[Result "0-1"]
[Round "8"]
[TimeControl "180+1"]
[Date "2023.08.22"]
[WhiteClock "0:00:08"]
[BlackClock "0:00:41"]
[Board "59"]

1. d4 Nf6 2. Nc3 d5 3. Bf4 c6 4. e3 h5 5. Bd3 h4 6. h3 e6 7. Nf3 Nh5 8. Bh2 Nd7 9. O-O Nhf6 10. Re1 Bb4 11. a3 Ba5 12. b4 Bc7 13. e4 Bxh2+ 14. Nxh2 dxe4 15. Nxe4 Nxe4 16. Bxe4 Nf6 17. Bf3 Kf8 18. c3 Bd7 19. Ng4 Nxg4 20. Bxg4 a5 21. Bf3 Rh6 22. Qd2 Kg8 23. c4 Rf6 24. Be4 Qc7 25. Rac1 axb4 26. axb4 Qf4 27. Re3 Ra3 28. Bf3 Ra8 29. Qd3 Ra2 30. Rd1 Qd6 31. Qb3 Ra8 32. Ree1 Rf4 33. Qe3 Ra2 34. d5 exd5 35. cxd5 Qxb4 36. dxc6 Bxc6 37. Bxc6 bxc6 38. Rb1 Qd6 39. Red1 Qf6 40. Rb8+ Kh7 41. Qd3+ g6 42. Qd8 Qxd8 43. Rdxd8 Rfxf2 44. Rh8+ Kg7 45. Rxh4 Rxg2+ 46. Kf1 Rgf2+ 47. Ke1 Rh2 48. Rb1 Rh1# 0-1


[Site "https://www.chess.com"]

[Event "Titled Tuesday Blitz August 22 Late 2023"]
[White "Zeck_CH"]
[Black "Kim, Sergey"]
[BlackFideId "13700570"]
[WhiteElo "2488"]
[BlackElo "2607"]
[Result "1/2-1/2"]
[Round "8"]
[TimeControl "180+1"]
[Date "2023.08.22"]
[WhiteClock "0:00:17"]
[BlackClock "0:00:26"]
[Board "60"]

1. e4 e5 2. Nf3 Nc6 3. Bb5 a6 4. Ba4 Nf6 5. O-O b5 6. Bb3 Bc5 7. a4 Bb7 8. Nxe5 Nxe5 9. d4 Bxd4 10. Qxd4 d6 11. f3 c5 12. Qf2 c4 13. Ba2 O-O 14. Nc3 Qd7 15. Bg5 Ne8 16. Rad1 Nc7 17. Qg3 Qe6 18. Rd2 f6 19. Bh6 Ng6 20. Rxd6 Qe7 21. Be3 Kh8 22. Rfd1 Rad8 23. axb5 axb5 24. Bb6 Ne5 25. Rxd8 Rxd8 26. Rxd8+ Qxd8 27. Qf2 b4 28. Ne2 Qd1+ 29. Qf1 Qd6 30. Bd4 Ne6 31. Be3 h6 32. h3 Qa6 33. Bb1 Qa1 34. Qc1 Qa6 35. Kh2 Qd6 36. Kg1 Qa6 37. Kh2 Qd6 38. Kg1 Qa6 1/2-1/2


[Site "https://www.chess.com"]

[Event "Titled Tuesday Blitz August 22 Late 2023"]
[White "Veiga, Jose Francisco R P Neves"]
[Black "Czerw, Dawid"]
[WhiteFideId "1930087"]
[BlackFideId "1145746"]
[WhiteElo "2598"]
[BlackElo "2463"]
[Result "1-0"]
[Round "8"]
[TimeControl "180+1"]
[Date "2023.08.22"]
[WhiteClock "0:00:51"]
[BlackClock "0:00:00"]
[Board "61"]

1. d4 Nf6 2. Nf3 g6 3. Bg5 Bg7 4. Nbd2 O-O 5. e4 d6 6. Bd3 c5 7. c3 Nbd7 8. O-O b6 9. h3 Bb7 10. Re1 Qc7 11. a4 a6 12. e5 dxe5 13. dxe5 Nd5 14. e6 fxe6 15. Rxe6 N7f6 16. Nc4 Rad8 17. Qe2 b5 18. axb5 axb5 19. Nce5 c4 20. Bc2 Ra8 21. Re1 Qc8 22. Nd4 Nh5 23. g3 h6 24. Bxg6 Nxg3 25. fxg3 hxg5 26. Qh5 Rf6 27. Bf7+ Kf8 28. Rxf6 Nxf6 29. Qg6 Ra6 30. Nf5 Ne8 31. Qh7 Qc5+ 32. Kf1 1-0


[Site "https://www.chess.com"]

[Event "Titled Tuesday Blitz August 22 Late 2023"]
[White "Kirillov, Dmitry"]
[Black "Leenhouts, Koen"]
[WhiteFideId "34180572"]
[BlackFideId "1008439"]
[WhiteElo "2482"]
[BlackElo "2593"]
[Result "0-1"]
[Round "8"]
[TimeControl "180+1"]
[Date "2023.08.22"]
[WhiteClock "0:00:06"]
[BlackClock "0:00:11"]
[Board "62"]

1. d4 Nf6 2. Nf3 g6 3. g3 Bg7 4. Bg2 O-O 5. O-O d5 6. c4 c6 7. cxd5 cxd5 8. Ne5 Ng4 9. Nxg4 Bxg4 10. Nc3 Nc6 11. Be3 Be6 12. Rc1 Rc8 13. Qa4 Qd7 14. Rfd1 Rfd8 15. a3 a6 16. h4 h5 17. Kh2 Bf6 18. Bf4 Kg7 19. Be3 Kh7 20. Bf3 Bg7 21. Bg2 Qc7 22. Qc2 Na5 23. Bf3 Nc4 24. Bf4 Qb6 25. Na4 Qb5 26. b3 Nxa3 27. Qa2 Rxc1 28. Rxc1 Qb4 29. Bd2 Qxd4 30. e3 Qd3 31. Nc5 Qf5 32. Nxe6 fxe6 33. Qxa3 Qxf3 34. Be1 Bf6 35. Qa5 Rg8 36. Qc7 g5 37. hxg5 Rxg5 38. Qf4 Qxf4 39. exf4 Rg7 40. Rc7 e5 41. fxe5 Bxe5 42. Rxb7 h4 43. Ra7 hxg3+ 44. fxg3 d4 45. Rxa6 d3 46. Ra7 Bd6 47. Ra4 e5 48. Ra6 Rd7 49. Bd2 e4 50. b4 Be5 51. Re6 Rd5 52. Kg2 Kg7 53. Kf2 Kf7 54. Rc6 Bd4+ 55. Ke1 e3 56. Rc7+ Ke6 57. Rc6+ Kd7 58. Rg6 exd2+ 59. Kxd2 Be3+ 60. Kd1 d2 61. Rg7+ Kc6 62. Rg6+ Kb5 63. Rg4 Bg5 64. Re4 Ka4 65. g4 Kb3 66. b5 Rc5 67. Ke2 Rc1 68. Rd4 Re1+ 69. Kf2 d1=Q 70. Rxd1 Rxd1 71. b6 Rd2+ 72. Kf3 Rd6 73. Ke4 Rxb6 74. Kf5 Rb5+ 75. Kg6 Kc4 76. Kh5 Kc3 77. Kg6 Kd3 78. Kh7 Ke3 79. Kg8 Kf4 80. Kf7 Kxg4 0-1


[Site "https://www.chess.com"]

[Event "Titled Tuesday Blitz August 22 Late 2023"]
[White "Haszon, David"]
[Black "Kozusek, Daniel"]
[WhiteFideId "733610"]
[BlackFideId "349500"]
[WhiteElo "2458"]
[BlackElo "2593"]
[Result "0-1"]
[Round "8"]
[TimeControl "180+1"]
[Date "2023.08.22"]
[WhiteClock "0:00:14"]
[BlackClock "0:00:05"]
[Board "63"]

1. d4 d5 2. Bf4 c5 3. e3 cxd4 4. exd4 Nc6 5. c3 Bf5 6. Qb3 Qd7 7. Nf3 f6 8. a4 g5 9. Bg3 h5 10. h3 e6 11. a5 Bd6 12. Bxd6 Qxd6 13. Qxb7 Rb8 14. Qg7 Rh7 15. Qxg8+ Ke7 16. Qxb8 Nxb8 17. Nbd2 Be4 18. Be2 Bxf3 19. Bxf3 Nd7 20. g3 h4 21. g4 Rh8 22. O-O Nf8 23. Rfe1 Ng6 24. c4 dxc4 25. d5 Ne5 26. Rad1 Qb4 27. dxe6 Qxd2 28. Rxd2 Nxf3+ 29. Kf1 Nxd2+ 30. Ke2 Nb3 31. a6 Rd8 32. f4 Kxe6 33. Kf3+ Kf7 34. fxg5 fxg5 35. Re5 Kf6 36. Rf5+ Kg6 37. Re5 Rd6 38. Ke4 Rxa6 39. Re7 Nc5+ 40. Kd5 Nd3 41. Kxc4 Nxb2+ 42. Kb5 Rb6+ 43. Kc5 Na4+ 44. Kc4 a5 45. Ra7 Rb4+ 46. Kd5 Nb6+ 47. Ke5 a4 48. Rc7 a3 49. Rc6+ Kf7 50. Rc7+ Kf8 51. Kf6 Ke8 52. Ra7 Rb3 53. Kxg5 Nc4 54. Kxh4 Rb2 55. g5 a2 56. g6 Kf8 57. Kg5 Rb5+ 58. Kh6 Ra5 59. Rf7+ Kg8 60. Rg7+ Kf8 61. Rf7+ Ke8 62. Rf1 a1=Q 63. Rxa1 Rxa1 64. g7 Rg1 65. h4 Kf7 66. h5 Ne5 67. g8=Q+ Rxg8 68. Kh7 Ng4 69. h6 Nf6# 0-1


[Site "https://www.chess.com"]

[Event "Titled Tuesday Blitz August 22 Late 2023"]
[White "Rosen, Eric"]
[Black "Colpe, Malte"]
[WhiteFideId "2032562"]
[BlackFideId "24623075"]
[WhiteElo "2582"]
[BlackElo "2457"]
[Result "0-1"]
[Round "8"]
[TimeControl "180+1"]
[Date "2023.08.22"]
[WhiteClock "0:00:00"]
[BlackClock "0:00:04"]
[Board "64"]

1. d4 Nf6 2. Bf4 g6 3. Nc3 d6 4. e4 Bg7 5. Qd2 Nc6 6. O-O-O d5 7. f3 dxe4 8. fxe4 e5 9. dxe5 Qxd2+ 10. Rxd2 Nh5 11. g3 Nxf4 12. gxf4 Bh6 13. Nd5 Be6 14. Nxc7+ Ke7 15. Nxe6 fxe6 16. Nh3 Rhf8 17. Bb5 Rxf4 18. Nxf4 Bxf4 19. Bxc6 Rd8 20. Rd1 bxc6 21. c3 Rd3 22. Kc2 Rxd2+ 23. Rxd2 Bxd2 24. Kxd2 g5 25. h4 gxh4 26. Ke3 c5 27. Kf4 Kd7 28. Kg4 Kc6 29. Kxh4 Kb5 30. Kg5 Kc4 31. Kf6 h5 32. Kg5 Kd3 33. Kxh5 Kxe4 34. Kg6 Kxe5 35. Kf7 Kd5 36. Kf6 e5 37. Kf5 c4 38. Kg4 Ke4 39. b4 Kd3 0-1


[Site "https://www.chess.com"]

[Event "Titled Tuesday Blitz August 22 Late 2023"]
[White "Auger_Pi"]
[Black "ExchangeAB"]
[WhiteElo "2580"]
[BlackElo "2446"]
[Result "1-0"]
[Round "8"]
[TimeControl "180+1"]
[Date "2023.08.22"]
[WhiteClock "0:01:49"]
[BlackClock "0:00:07"]
[Board "65"]

1. e4 c6 2. d4 d5 3. e5 Bf5 4. h4 h5 5. c4 e6 6. Nc3 Ne7 7. Bg5 dxc4 8. Bxc4 Qa5 9. Ne2 Nd5 10. O-O Nd7 11. Nxd5 cxd5 12. Bd3 Bxd3 13. Qxd3 Be7 14. Bxe7 Kxe7 15. b4 Qa6 16. Qe3 Rhc8 17. Qg5+ Ke8 18. Nf4 g6 19. Nxg6 fxg6 20. Qxg6+ Ke7 21. Qg5+ Kf8 22. f4 Qd3 23. f5 Qxd4+ 24. Kh1 Ke8 25. fxe6 Nxe5 26. Rae1 Rc4 27. g3 Qg4 28. Qxe5 Qh3+ 29. Kg1 Rg4 30. Qxh5+ Ke7 31. Rf7+ Kd6 32. Rd7+ Kc6 33. Qxd5+ Kb6 34. Qc5+ Ka6 35. Qa5# 1-0


[Site "https://www.chess.com"]

[Event "Titled Tuesday Blitz August 22 Late 2023"]
[White "Principe, Gerson"]
[Black "Onthequiet"]
[WhiteFideId "3804550"]
[WhiteElo "2580"]
[BlackElo "2445"]
[Result "1-0"]
[Round "8"]
[TimeControl "180+1"]
[Date "2023.08.22"]
[WhiteClock "0:01:41"]
[BlackClock "0:01:53"]
[Board "66"]

1. Nf3 d5 2. b3 Nf6 3. Bb2 Nbd7 4. d4 b6 5. e3 Bb7 6. Bd3 e6 7. Nbd2 Be7 8. Ne5 Nxe5 9. dxe5 Nd7 10. O-O a5 11. f4 g6 12. Nf3 Ba6 13. Bxa6 Rxa6 14. Qe2 Qa8 15. c4 dxc4 16. Qxc4 Nc5 17. Rad1 O-O 18. Rd4 a4 19. b4 a3 20. Bc1 Ra4 21. Qc2 Na6 22. Qxa4 Nxb4 23. Rxb4 Bxb4 24. Qxb4 1-0


[Site "https://www.chess.com"]

[Event "Titled Tuesday Blitz August 22 Late 2023"]
[White "Albertini, Luca"]
[Black "Kochiev, Ivan"]
[WhiteFideId "847038"]
[BlackFideId "2917890"]
[WhiteElo "2442"]
[BlackElo "2580"]
[Result "0-1"]
[Round "8"]
[TimeControl "180+1"]
[Date "2023.08.22"]
[WhiteClock "0:00:52"]
[BlackClock "0:01:40"]
[Board "67"]

1. d4 Nf6 2. c4 e6 3. Nc3 c5 4. d5 exd5 5. cxd5 d6 6. e4 g6 7. f4 Bg7 8. Bb5+ Nfd7 9. a4 O-O 10. Nf3 Na6 11. O-O Re8 12. Re1 Nb4 13. Ra3 a6 14. Bxd7 Bxd7 15. e5 dxe5 16. fxe5 Bg4 17. Bf4 c4 18. d6 Nd3 19. Re4 Bxf3 20. Qxf3 Qb6+ 21. Qe3 Qxb2 22. Rxc4 Nxf4 23. Nd1 Qxg2# 0-1


[Site "https://www.chess.com"]

[Event "Titled Tuesday Blitz August 22 Late 2023"]
[White "Boor, Carl"]
[Black "Karas, Marek"]
[WhiteFideId "2017008"]
[BlackFideId "14928558"]
[WhiteElo "2573"]
[BlackElo "2437"]
[Result "0-1"]
[Round "8"]
[TimeControl "180+1"]
[Date "2023.08.22"]
[WhiteClock "0:00:03"]
[BlackClock "0:00:27"]
[Board "68"]

1. d4 d5 2. c4 e6 3. Nf3 Nf6 4. g3 h6 5. Bg2 Bd6 6. O-O O-O 7. Qc2 b6 8. Bf4 Bxf4 9. gxf4 Bb7 10. Nbd2 Nbd7 11. e3 c5 12. cxd5 Nxd5 13. Rfd1 Qe7 14. Rac1 Rac8 15. Qd3 cxd4 16. Nxd4 Nc5 17. Qa3 a5 18. N2b3 Nxb3 19. Qxb3 Qb4 20. a3 Qxb3 21. Nxb3 Ba8 22. Nd4 Rfd8 23. Nb5 Rxc1 24. Rxc1 Nf6 25. Bb7 Bxb7 26. Rc7 Bf3 27. Nd4 Be4 28. f3 Bg6 29. Kf2 Nd5 30. Rb7 Nxf4 31. Rxb6 Nd3+ 32. Ke2 e5 33. Nc6 Nc1+ 34. Ke1 Rd3 35. Rb8+ Kh7 36. Nxe5 Rxe3+ 37. Kd2 Rxe5 38. Kxc1 Rc5+ 39. Kd2 Rc2+ 40. Ke3 Rxh2 41. b4 axb4 42. axb4 Rb2 43. Kf4 h5 44. Kg3 Rb3 45. b5 Be4 46. Kh4 Bxf3 47. b6 Bg4 48. b7 f6 49. Rh8+ Kxh8 50. b8=Q+ Rxb8 0-1


[Site "https://www.chess.com"]

[Event "Titled Tuesday Blitz August 22 Late 2023"]
[White "Ganiev, Roman"]
[Black "Yang, Kevin"]
[WhiteFideId "4131452"]
[BlackFideId "30908485"]
[WhiteElo "2573"]
[BlackElo "2437"]
[Result "0-1"]
[Round "8"]
[TimeControl "180+1"]
[Date "2023.08.22"]
[WhiteClock "0:00:05"]
[BlackClock "0:00:04"]
[Board "69"]

1. e4 c6 2. d4 d5 3. Nc3 dxe4 4. Nxe4 Nd7 5. Nf3 Ngf6 6. Nxf6+ Nxf6 7. c3 Qc7 8. Bc4 Bf5 9. Ne5 e6 10. Bf4 Bd6 11. Bg3 O-O 12. Qe2 Ne4 13. Bd3 Nxg3 14. hxg3 Bxe5 15. Bxf5 exf5 16. dxe5 Rfe8 17. f4 f6 18. O-O-O fxe5 19. Qc4+ Kh8 20. Rh4 exf4 21. Rdh1 h6 22. gxf4 Re4 23. Qc5 Rxf4 24. R4h3 Kh7 25. a3 Re8 26. Kb1 Re2 27. Qf8 Re6 28. Rh4 Rxh4 29. Qxf5+ Rg6 30. Rxh4 Qg3 31. Rh3 Qxg2 32. Ka2 Qg1 33. Rf3 Qg5 34. Qf8 Qd5+ 35. Kb1 Rg1+ 36. Kc2 Qd1# 0-1


[Site "https://www.chess.com"]

[Event "Titled Tuesday Blitz August 22 Late 2023"]
[White "Kashefi, Amir Hosein"]
[Black "Harriott, Tyrell"]
[WhiteFideId "12557935"]
[BlackFideId "2086484"]
[WhiteElo "2573"]
[BlackElo "2423"]
[Result "1-0"]
[Round "8"]
[TimeControl "180+1"]
[Date "2023.08.22"]
[WhiteClock "0:00:47"]
[BlackClock "0:00:08"]
[Board "70"]

1. e4 d5 2. exd5 Nf6 3. d4 Qxd5 4. Nf3 Bg4 5. Be2 Nc6 6. c4 Qh5 7. d5 O-O-O 8. O-O e6 9. Nc3 e5 10. Be3 e4 11. Nd4 Ne5 12. h3 Nf3+ 13. Nxf3 exf3 14. Bxf3 Bxf3 15. Qxf3 Qg6 16. Rad1 Bd6 17. Nb5 a6 18. Nxd6+ Rxd6 19. Rfe1 Rd7 20. Bd4 Rhd8 21. Bxf6 gxf6 22. Rc1 h5 23. Re4 Qh6 24. Rce1 Qg5 25. Rf4 Rd6 26. Rf5 Qh6 27. Rxh5 Qd2 28. Qe2 Qa5 29. b3 c6 30. dxc6 f5 31. cxb7+ Kxb7 32. Qf3+ Kb8 33. Rf1 Rg8 34. Rxf5 Qxa2 35. Rxf7 Rb6 36. Qf4+ Ka8 37. Qe4+ Kb8 38. Qe7 Qxb3 39. Qa7+ 1-0


[Site "https://www.chess.com"]

[Event "Titled Tuesday Blitz August 22 Late 2023"]
[White "Trifan, Andrei Ioan"]
[Black "Polaczek, Richard"]
[WhiteFideId "12967068"]
[BlackFideId "200026"]
[WhiteElo "2564"]
[BlackElo "2412"]
[Result "1-0"]
[Round "8"]
[TimeControl "180+1"]
[Date "2023.08.22"]
[WhiteClock "0:00:09"]
[BlackClock "0:00:00"]
[Board "71"]

1. Nf3 d5 2. b3 c5 3. Bb2 Nc6 4. e3 a6 5. Be2 f6 6. d4 cxd4 7. Nxd4 e5 8. Nxc6 bxc6 9. O-O Be6 10. c4 Ne7 11. Nd2 g6 12. f4 Bg7 13. fxe5 fxe5 14. Nf3 Qb6 15. Qc1 Bh6 16. c5 Qb4 17. Nxe5 Qe4 18. Rf3 Rf8 19. Bd3 Rxf3 20. Bxe4 Bxe3+ 21. Qxe3 Rxe3 22. Bf3 Nf5 23. Nxc6 Rc8 24. Nd4 Rxc5 25. Nxf5 Bxf5 26. Bd4 Rxf3 27. Bxc5 Rc3 28. b4 Rc2 29. a4 Be4 30. Bf2 d4 31. Re1 d3 32. Rxe4+ Kf7 33. Be3 d2 34. Bxd2 Rxd2 35. h3 Rb2 36. Kh2 h5 37. Rc4 Kg7 38. Kg3 Rb3+ 39. Kf2 Rb2+ 40. Kf3 Rb3+ 41. Kf4 Rb2 42. g3 Ra2 43. a5 Rb2 44. g4 hxg4 45. hxg4 Kh6 46. Ke5 Kg5 47. Kd6 Rf2 48. Kc7 Rf6 49. Kb7 Kh4 50. Rc6 Rf4 51. Rxa6 Rxb4+ 52. Rb6 Ra4 53. a6 g5 54. a7 Rxa7+ 55. Kxa7 Kxg4 56. Rb3 Kf4 57. Kb7 g4 58. Kc6 g3 59. Kd5 g2 60. Rb1 Kf3 61. Kd4 Kf2 62. Rb2+ Kf3 63. Rb1 Kf2 64. Rb2+ Kf3 65. Rb3+ Kf2 66. Rb1 1-0


[Site "https://www.chess.com"]

[Event "Titled Tuesday Blitz August 22 Late 2023"]
[White "Ovezdurdyyeva, Jemal"]
[Black "brm72"]
[WhiteFideId "14001888"]
[WhiteElo "2407"]
[BlackElo "2559"]
[Result "1-0"]
[Round "8"]
[TimeControl "180+1"]
[Date "2023.08.22"]
[WhiteClock "0:01:43"]
[BlackClock "0:01:02"]
[Board "72"]

1. e4 c5 2. Nf3 Nc6 3. c3 d5 4. exd5 Qxd5 5. d4 Bf5 6. Be3 e6 7. dxc5 Qxd1+ 8. Kxd1 Nf6 9. Nbd2 Ng4 10. b4 Nxe3+ 11. fxe3 O-O-O 12. Bb5 f6 13. Bxc6 bxc6 14. Nd4 Bg4+ 15. Kc2 Kc7 16. h3 e5 17. hxg4 exd4 18. cxd4 Rd5 19. Nf3 h5 20. e4 Rd8 21. gxh5 Re8 22. Rae1 a5 23. a3 Ra8 24. Kb3 Be7 25. g4 Kd7 26. Ra1 Rhb8 27. Kc4 Re8 28. Rhe1 Bd8 29. d5 Bc7 30. d6 Bd8 31. Nd4 Re5 32. Nf5 Rb8 33. Nxg7 Rg5 34. h6 Rxg4 35. Rh1 f5 36. h7 Bf6 37. Nxf5 Bxa1 38. Rxa1 Rh8 39. Kd4 Rxh7 40. bxa5 Rh8 41. Rb1 Ra8 42. Rb7+ Ke6 43. Re7+ Kf6 44. Rc7 Rxa5 45. Rxc6 Ra4+ 46. Kd3 Rgxe4 47. d7+ Kxf5 48. d8=Q Rxa3+ 49. Kd2 Ra2+ 50. Kc3 Ra3+ 51. Kb2 Rae3 52. Rf6+ Kg4 53. Qg8+ Kh3 54. Rh6+ Rh4 55. Rxh4+ Kxh4 56. Qh7+ Kg3 57. Qg6+ Kf3 58. Qf6+ Ke2 59. c6 1-0


[Site "https://www.chess.com"]

[Event "Titled Tuesday Blitz August 22 Late 2023"]
[White "Leebit02"]
[Black "Delorme, Axel"]
[BlackFideId "632023"]
[WhiteElo "2557"]
[BlackElo "2396"]
[Result "0-1"]
[Round "8"]
[TimeControl "180+1"]
[Date "2023.08.22"]
[WhiteClock "0:00:00"]
[BlackClock "0:00:39"]
[Board "73"]

1. Nf3 c5 2. e4 Nc6 3. d4 cxd4 4. Nxd4 Nf6 5. Nc3 d6 6. Bg5 Bd7 7. Qd2 Rc8 8. O-O-O Nxd4 9. Qxd4 Qa5 10. f4 Rxc3 11. bxc3 e5 12. Qc4 d5 13. Rxd5 Nxd5 14. exd5 Ba3+ 15. Kd2 O-O 16. Qb3 Rc8 17. Kd1 Bg4+ 18. Be2 Rxc3 19. Qxb7 Bxe2+ 20. Kxe2 Rxc2+ 21. Kf3 h6 22. Bh4 e4+ 23. Kg4 Qd2 24. Bg3 h5+ 25. Kxh5 Qxg2 26. Rb1 Qh3+ 27. Kg5 Qh6+ 28. Kg4 Qg6+ 29. Kh4 f5 30. Qb8+ Bf8 0-1


[Site "https://www.chess.com"]

[Event "Titled Tuesday Blitz August 22 Late 2023"]
[White "Guerra Tulcan, Lenin"]
[Black "Ozen, Batuhan"]
[WhiteFideId "3601382"]
[BlackFideId "6345123"]
[WhiteElo "2555"]
[BlackElo "2385"]
[Result "1-0"]
[Round "8"]
[TimeControl "180+1"]
[Date "2023.08.22"]
[WhiteClock "0:01:19"]
[BlackClock "0:00:59"]
[Board "74"]

1. e4 g6 2. d4 Bg7 3. Nf3 d6 4. Nc3 Nf6 5. a4 O-O 6. Be2 c5 7. dxc5 dxc5 8. Qxd8 Rxd8 9. Be3 b6 10. Rd1 Rxd1+ 11. Kxd1 Bb7 12. e5 Ng4 13. e6 Nxe3+ 14. fxe3 fxe6 15. Bc4 Nc6 16. Ke2 Bxc3 17. bxc3 Nd8 18. Rd1 Bc6 19. Bb3 Rc8 20. Ng5 c4 21. Bxc4 Bxa4 22. Ba2 Bxc2 23. Rd7 Bf5 24. Rxe7 h6 25. Nxe6 Nxe6 26. Rxe6 Bxe6 27. Bxe6+ Kg7 28. Bxc8 Kf6 29. Kd3 1-0


[Site "https://www.chess.com"]

[Event "Titled Tuesday Blitz August 22 Late 2023"]
[White "Shapiro, Viktor"]
[Black "Labussiere, Yago"]
[WhiteFideId "4175700"]
[BlackFideId "2186969"]
[WhiteElo "2547"]
[BlackElo "2381"]
[Result "1-0"]
[Round "8"]
[TimeControl "180+1"]
[Date "2023.08.22"]
[WhiteClock "0:01:46"]
[BlackClock "0:00:00"]
[Board "75"]

1. c4 e5 2. Nc3 Nc6 3. g3 g6 4. Bg2 Bg7 5. d3 d6 6. Nf3 Nf6 7. O-O O-O 8. Rb1 a5 9. a3 Re8 10. b4 axb4 11. axb4 e4 12. Nxe4 Nxe4 13. dxe4 Rxe4 14. b5 Nd4 15. Nxd4 Rxd4 16. Qb3 Be6 17. Bxb7 Bxc4 18. Qf3 Ra2 19. Bb2 Rd2 20. Bxg7 Bxe2 21. Qf6 Qxf6 22. Bxf6 Bxf1 23. Rxf1 Re2 24. Bc6 Re6 25. Bd4 Rae2 26. Be3 Kg7 27. Ra1 Rc2 28. Ra7 Kf6 29. Rxc7 Ra2 30. Bd4+ Kg5 31. Rxf7 Re1+ 32. Kg2 h5 33. h4+ Kg4 34. Bd7+ 1-0


[Site "https://www.chess.com"]